 Zot Defence DCSS version 0.15.2 (webtiles) character file.

5917 travisno the Fey Human (level 11, -5/117 HPs)
             Began as a Human Death Knight on Mar 8, 2018.
             Was a Believer of Yredelemnul.
             Slain by a tentacled monstrosity (7 damage)
             ... summoned by a boggart
             ... in the Realm of Zot (Scenario I: Hall of Zot) on Mar 9, 2018.
             The game lasted 00:20:52 (2100 turns).

travisno the Fey Human (Human Death Knight)         Turns: 2100, Time: 00:20:52

HP  -5/117       AC 11     Str 21      XL: 11   Next:  9%
MP  26/28        EV  5     Int 13      God: Yredelemnul [**....]
Gold 0           SH  0     Dex 12      Spells:  0 memorised, 10 levels left

rFire  . . .     SeeInvis .     k - +0 long sword
rCold  . . .     Clarity  .     l - +0 plate armour
rNeg   . . .     rCorr    .     (no shield)
rPois  .         rRot     .     (no helmet)
rElec  .         Spirit   .     (no cloak)
SustAb .         Warding  .     (no gloves)
rMut   .         Stasis   .     (no boots)
Gourm  .                        (no amulet)
MR     .....                    (no ring)
                                (no ring)

@: confused, berserking, constricted, very quick, not resistant to hostile
enchantments, extremely unstealthy
A: no striking features
a: Make oklob sapling, Make arrow trap, Make plant, Remove Curse, Make burning
bush, Make altar, Make grenades, Make oklob plant, Make net trap, Make ice
statue, Make spear trap, Make alarm trap, Animate Remains, Recall Undead Slaves,
Injury Mirror, Renounce Religion


You were in the Realm of Zot.
You worshipped Yredelemnul.
Yredelemnul was pleased with you.
You were not hungry.

You visited 1 branch

Inventory:

Hand weapons
 a - a +1 falchion
 j - a +1 dagger of venom
 k - a +0 long sword (weapon)
 o - a +1 short sword of holy wrath
Missiles
 m - 3 stones (quivered)
 p - 4 bolts of penetration
Armour
 b - a +0 leather armour
 l - a +0 plate armour (worn)
 n - a +3 leather armour
Comestibles
 d - a bread ration
Scrolls
 i - a scroll of blinking
Potions
 c - 3 potions of curing
 e - a potion of heal wounds
 f - a potion of haste
 g - 2 potions of magic


   Skills:
 + Level 4.5 Fighting
 + Level 0.4(3.1) Short Blades
 + Level 5.0 Long Blades
 + Level 2.6 Armour
 + Level 1.5 Dodging
 + Level 15.0 Invocations


You had 10 spell levels left.
You didn't know any spells.

Dungeon Overview and Level Annotations

Branches:
    Zot (1/1)

Altars:


Message History

Your orc zombie hits the worker ant zombie but does no damage.
Your orc zombie hits the worker ant zombie.
The brown very ugly thing pecks your oklob plant!
Your oklob plant is destroyed!
Your yaktaur zombie hits the worker ant zombie.
You swing at nothing.
The tarantella changes into a raiju!
The moth of wrath goads the purple ugly thing on!
The purple ugly thing goes berserk!
The boggart gestures wildly while chanting.
The boggart flickers and vanishes!
Purgy bites the worker ant zombie!
The worker ant zombie is destroyed!
Something hits your orc zombie.
The tentacled monstrosity tentacle-slaps you!
* * * LOW HITPOINT WARNING * * *
The tentacled monstrosity tentacle-slaps you.
* * * LOW HITPOINT WARNING * * *
The tentacled monstrosity tentacle-slaps you.
* * * LOW HITPOINT WARNING * * *
You die...
Your body rises from the dead as a mindless zombie. ......## #...§..<)<.P....# ## .......## ##..(dJdXJ..P..## ##. ........## #q8q(.{XJd....# ##.. .........# ##...d.XyJd..## #... .........# #dd.yDy.gD..# #... .........# ##.ysuucXgy..## #... .........# #.Z.XJcc%.yq..# #... .........# ##ZZuXhucuDDud.##

#...
........Z###ZZZZ@XuJJcX{D..###...
.....ZZ.###ZZZ###########.PP###..
.....ZZ##..Z.## ##PPPP##.
.....ZZZ...### ###P....
############ ###### .......####
####. ..........### ###....
............## ##......
.............# ▓▓▓▓▓▓▓▓▓ #.......


You could see an electric golem, 8 tentacled monstrosities, 2 draconians, a
brown very ugly thing, a black draconian, 2 draconians, 2 draconians, a red
draconian, a white draconian, a pale draconian, 2 fire dragons, 3 ice dragons, a
mottled draconian zealot, 6 ugly things, a death cob, 3 large slime creatures, 4
slime creatures, 6 moths of wrath, 5 yaktaurs, a raiju shaped shifter, a
tarantella, 2 boggarts, a friendly rat zombie, a friendly giant cockroach
zombie, 2 friendly goblin zombies, a friendly kobold zombie, 3 friendly orc
zombies, a friendly yaktaur zombie, the friendly Purgy the troll zombie and a
friendly goblin skeleton.

Vanquished Creatures
  An orc warrior (Zot)
  A worm (Zot)
  An ooze (Zot)
  A ball python (Zot)
  4 bats (Zot)
  2 giant cockroaches (Zot)
  5 goblins (Zot)
  7 kobolds (Zot)
  A rat (Zot)
23 creatures vanquished.

Vanquished Creatures (collateral kills)
  A hill giant (Zot)
  A harpy (shapeshifter) (Zot)
  2 yaktaurs (Zot)
  Grinder (Zot)
  10 slime creatures (Zot)
  A vampire (Zot)
  A warg (Zot)
  A yak (Zot)
  A soldier ant (shapeshifter) (Zot)
  A big kobold (Zot)
  3 phantoms (Zot)
  Purgy (Zot)
  7 boggarts (Zot)
  A centaur (Zot)
  Duvessa (Zot)
  A giant frog (Zot)
  A gnoll shaman (Zot)
  An orc wizard (Zot)
  A hound (Zot)
  2 iguanas (Zot)
  3 worker ants (Zot)
  2 worker ant zombies (Zot)
  2 gnolls (Zot)
  An orc zombie (Zot)
  2 adders (Zot)
  A shadow imp (Zot)
  A giant mite (Zot)
  2 giant geckos (Zot)
  10 orcs (Zot)
  2 giant cockroaches (Zot)
  8 goblins (Zot)
  4 hobgoblins (Zot)
  A jackal (Zot)
  A quokka (Zot)
  5 bats (Zot)
  4 kobolds (Zot)
  8 rats (Zot)
96 creatures vanquished.

Vanquished Creatures (others)
  8 oklob plants (Zot)
  A warg zombie (Zot)
  5 oklob saplings (Zot)
  A centaur skeleton (Zot)
  A hound zombie (Zot)
  2 worker ant zombies (Zot)
  A worm zombie (Zot)
  3 bat zombies (Zot)
  A gnoll zombie (Zot)
  A giant gecko skeleton (Zot)
  A giant gecko zombie (Zot)
  5 goblin zombies (Zot)
  3 kobold zombies (Zot)
  An orc skeleton (Zot)
  2 orc zombies (Zot)
  A quokka zombie (Zot)
  3 rat zombies (Zot)
40 creatures vanquished.

Grand Total: 159 creatures vanquished

Notes
Turn   | Place    | Note
--------------------------------------------------------------
     0 | Zot      | travisno, the Human Death Knight, began the quest for the Orb.
     0 | Zot      | Reached XP level 1. HP: 16/16 MP: 2/2
   202 | Zot      | Noticed Syrus
   272 | Zot      | Killed Syrus the orc warrior
   272 | Zot      | Reached skill level 5 in Invocations
   272 | Zot      | Reached XP level 2. HP: 20/24 MP: 4/4
   272 | Zot      | Reached XP level 3. HP: 24/29 MP: 6/6
   272 | Zot      | Reached XP level 4. HP: 28/35 MP: 8/8
   272 | Zot      | Reached XP level 5. HP: 32/41 MP: 9/9
   272 | Zot      | Reached XP level 6. HP: 36/47 MP: 11/11
   440 | Zot      | Reached XP level 7. HP: 54/54 MP: 5/13
   519 | Zot      | Killed Moent the warg
   519 | Zot      | Reached skill level 6 in Invocations
   694 | Zot      | Reached XP level 8. HP: 61/61 MP: 12/18
   800 | Zot      | Noticed Purgy
   804 | Zot      | Killed Purgy
   960 | Zot      | Reached skill level 7 in Invocations
  1004 | Zot      | Noticed Duvessa
  1017 | Zot      | Killed Duvessa
  1017 | Zot      | Reached skill level 5 in Long Blades
  1264 | Zot      | Reached skill level 8 in Invocations
  1283 | Zot      | Acquired Yredelemnul's second power
  1377 | Zot      | Reached skill level 9 in Invocations
  1386 | Zot      | Reached XP level 9. HP: 66/66 MP: 11/21
  1481 | Zot      | Reached skill level 10 in Invocations
  1577 | Zot      | Reached skill level 11 in Invocations
  1659 | Zot      | Noticed a yaktaur
  1659 | Zot      | Killed a yaktaur
  1659 | Zot      | Reached skill level 12 in Invocations
  1659 | Zot      | Reached XP level 10. HP: 73/73 MP: 23/25
  1772 | Zot      | Reached skill level 13 in Invocations
  1874 | Zot      | Your ally Bogward died
  1877 | Zot      | Noticed a moth of wrath
  2003 | Zot      | Noticed Grinder
  2004 | Zot      | Killed Grinder
  2004 | Zot      | Reached skill level 14 in Invocations
  2057 | Zot      | Killed a harpy
  2064 | Zot      | Killed a hill giant
  2070 | Zot      | Reached XP level 11. HP: 78/78 MP: 28/28
  2080 | Zot      | Reached skill level 15 in Invocations
  2081 | Zot      | Noticed a purple ugly thing
  2083 | Zot      | Noticed a purple ugly thing
  2083 | Zot      | Noticed a tentacled monstrosity
  2085 | Zot      | Noticed a purple very ugly thing
  2085 | Zot      | Noticed a tentacled monstrosity
  2088 | Zot      | Noticed a tentacled monstrosity
  2088 | Zot      | Noticed a purple ugly thing
  2089 | Zot      | Noticed a brown ugly thing
  2089 | Zot      | Noticed a brown ugly thing
  2090 | Zot      | Noticed a fire dragon
  2092 | Zot      | Noticed a death cob
  2092 | Zot      | Noticed an ice dragon
  2092 | Zot      | Noticed an electric golem
  2093 | Zot      | Noticed a tentacled monstrosity
  2094 | Zot      | Noticed a brown ugly thing
  2094 | Zot      | Noticed a fire dragon
  2094 | Zot      | Noticed a tentacled monstrosity
  2095 | Zot      | Noticed a tentacled monstrosity
  2095 | Zot      | Noticed an ice dragon
  2095 | Zot      | Noticed a white draconian
  2096 | Zot      | Noticed a mottled draconian zealot
  2096 | Zot      | Noticed a tentacled monstrosity
  2096 | Zot      | Noticed an ice dragon
  2096 | Zot      | Noticed a tentacled monstrosity
  2097 | Zot      | Noticed an ice dragon
  2099 | Zot      | Noticed a green draconian
  2099 | Zot      | Noticed a black draconian knight
  2099 | Zot      | Noticed a red draconian
  2099 | Zot      | Noticed a yellow draconian
  2099 | Zot      | Noticed a yellow draconian
  2099 | Zot      | Noticed a pale draconian
  2099 | Zot      | Noticed a grey draconian knight
  2100 | Zot      | Noticed a black draconian
  2100 | Zot      | HP: 5/117 [tentacled monstrosity[a boggart] (5)]
  2100 | Zot      | HP: 2/117 [tentacled monstrosity[a boggart] (3)]
  2100 | Zot      | Slain by a tentacled monstrosity

Action                   |  1- 3 |  4- 6 |  7- 9 | 10-12 || total
-------------------------+-------+-------+-------+-------++-------
Melee: Falchion          |    74 |    55 |       |       ||   129
       Dagger            |       |    28 |       |       ||    28
       Long sword        |       |       |       |     4 ||     4
Invok: Animate Remains   |       |     5 |    60 |    18 ||    83
       Recall Undead Sla |       |       |     1 |     1 ||     2
 Abil: Make plant        |       |     7 |       |       ||     7
       Make oklob saplin |       |     4 |     1 |       ||     5
       Make oklob plant  |       |       |     4 |     4 ||     8
  Use: Potion            |       |       |       |     1 ||     1
